 Dungeon Crawl Stone Soup version 0.27.0-1-g7a089689b8 (webtiles) character file.

Game seed: 6385627553309415378

1280 dolemite99 the Reanimator (level 8, -8/64 HPs)
             Began as a Deep Dwarf Necromancer on Aug 11, 2021.
             Was a Follower of Makhleb.
             Mangled by a two-headed ogre (10 damage)
             ... on level 6 of the Dungeon.
             The game lasted 00:10:49 (8267 turns).

dolemite99 the Reanimator (Deep Dwarf Necromancer)  Turns: 8267, Time: 00:10:50

Health: -8/64      AC: 10    Str: 19    XL:     8   Next: 29%
Magic:  3/11       EV: 10    Int: 17    God:    Makhleb [*.....]
Gold:   279        SH:  0    Dex: 13    Spells: 4/13 levels left

rFire    + . .     SeeInvis +   b - +0 shortbow
rCold    . . .     Faith    .   (shield currently unavailable)
rNeg     . . .     Spirit   .   u - +3 scale mail "Qoopung" {rF+ SInv}
rPois    .         Reflect  .   (no helmet)
rElec    .         Harm     .   t - +0 cloak
rCorr    .         Rampage  .   (no gloves)
Will     ++...                  (no boots)
Stlth    +.........             (no amulet)
HPRegen  0.00/turn              D - ring of willpower
MPRegen  0.12/turn              q - +6 ring of strength

@: no status effects
A: damage resistance, heal wounds, sense surroundings 1, no regeneration
a: Heal Wounds, Renounce Religion


You were on level 6 of the Dungeon.
You worshipped Makhleb.
Makhleb was aware of your devotion.
You visited 1 branch of the dungeon, and saw 6 of its levels.

You collected 279 gold pieces.

Inventory:

Hand Weapons
 a - a +0 halberd
 b - a +0 shortbow (weapon)
 d - a +0 short sword
 f - a +0 whip
 r - a +2 antimagic whip
 v - a +0 spear
Missiles
 c - 93 arrows (quivered ammo)
 h - 61 sling bullets
 p - 10 bolts
 w - 3 poisoned darts
 x - 194 stones
Armour
 s - a +0 robe
 t - a +0 cloak (worn)
 u - the +3 scale mail "Qoopung" (worn) {rF+ SInv}
   (You found it on level 4 of the Dungeon)

   rF:        It protects you from fire.
   SInv:      It lets you see invisible.
 B - a +0 pair of gloves
Jewellery
 k - a ring of positive energy
 q - a +6 ring of strength (right hand)
 D - a ring of willpower (left hand)
Wands
 z - a wand of iceblast (12)
Scrolls
 e - 3 scrolls of fog
 l - a scroll of fear
 o - a scroll of teleportation
 y - a scroll of silence {unknown}
 C - a scroll of enchant weapon {unknown}
Potions
 g - a potion of ambrosia
 i - 2 potions of degeneration
 j - 2 potions of curing
 m - a potion of attraction {unknown}
 n - a potion of resistance {unknown}
 A - a potion of berserk rage {unknown}
 E - a potion of flight {unknown}


   Skills:
 + Level 1.0 Fighting
 - Level 2.1 Dodging
 - Level 2.4 Stealth
 - Level 3.4 Spellcasting
 - Level 11.0 Necromancy


You had 4 spell levels left.
You knew the following spells:

 Your Spells              Type           Power      Damage    Failure   Level
a - Pain                  Necr           100%       1d9       1%          1
b - Vampiric Draining     Necr           20%        2d8       1%          3
c - Animate Skeleton      Necr           80%        N/A       1%          1
d - Animate Dead          Necr           20%        N/A       6%          4

Your spell library contained the following spells:

 Spells                   Type           Power      Damage    Failure   Level
 Beastly Appendage        Tmut           4%         N/A       47%         1
 Wereblood                Tmut           2%         N/A       63%         2
 Spider Form              Tmut/Pois      1%         N/A       85%         3
 Hailstorm                Conj/Ice       2%         3d3       99%         4
 Ice Form                 Ice/Tmut       2%         N/A       99%         4
 Agony                    Necr           40%        N/A       16%         5
 Simulacrum               Ice/Necr       10%        N/A       100%        6


Dungeon Overview and Level Annotations

Branches:
Dungeon (6/15)
 Temple: D:4-7

Altars:
Dithmenos
Fedhas
Makhleb
Sif Muna
Wu Jian

Shops:
D:2 (

Annotations:
D:5 exclusion: downstairs


Innate Abilities, Weirdness & Mutations

You are resistant to damage.
You can heal yourself by infusing magical energy.
You passively map a small area around you.
You do not regenerate.


Message History

The two-headed ogre is severely wounded.
Casting: Vampiric Draining (safe; 1% risk of failure)
Confirm with . or Enter, or press ? or * to list all spells.
Aiming: Vampiric Draining (safe; 1% risk of failure)
Press: ? - help, Shift-Dir - straight line, f/p - two-headed ogre
Aim: a two-headed ogre, wielding a +0 giant club and a +0 giant spiked club (severely wounded)
You draw life force from the two-headed ogre.
You feel life coursing into your body.
The two-headed ogre hits you with a +0 giant club!
The two-headed ogre barely misses you.
Casting: Vampiric Draining (safe; 1% risk of failure)
Confirm with . or Enter, or press ? or * to list all spells.
Aiming: Vampiric Draining (safe; 1% risk of failure)
Press: ? - help, Shift-Dir - straight line, f/p - two-headed ogre
Aim: a two-headed ogre, wielding a +0 giant club and a +0 giant spiked club (severely wounded)
You draw life force from the two-headed ogre.
You feel life coursing into your body.
The two-headed ogre hits you with a +0 giant club!!
* * * LOW HITPOINT WARNING * * *
The two-headed ogre hits you but does no damage.
Casting: Vampiric Draining (safe; 1% risk of failure)
Confirm with . or Enter, or press ? or * to list all spells.
Aiming: Vampiric Draining (safe; 1% risk of failure)
Press: ? - help, Shift-Dir - straight line, f/p - two-headed ogre
Aim: a two-headed ogre, wielding a +0 giant club and a +0 giant spiked club (almost dead)
You draw life force from the two-headed ogre!
You feel life coursing into your body.
Casting: Vampiric Draining (safe; 1% risk of failure)
Confirm with . or Enter, or press ? or * to list all spells.
You don't have enough magic to cast this spell.
Unknown command.
You feel much better.
The two-headed ogre hits you with a +0 giant club!
The two-headed ogre hits you with a +0 giant spiked club!
* * * LOW HITPOINT WARNING * * *
You fail to use your ability.
The two-headed ogre hits you with a +0 giant club!
* * * LOW HITPOINT WARNING * * *
The two-headed ogre hits you with a +0 giant spiked club!
You die...

##.##..#.....####.# #.#
...........#...##.# .# #.#
..................# .# #####.#
#####..........##.# .# #.....##
#.............# *.# #.##....
#..........##.# .# #.#♣'♣♣♣
######.#.O<#.####.# *.# #.#♣....
.......#...#.####.###.# #.#♣.§§≈
########...#....@O....####.#♣..§.
# ##.##.####.######..).'.§_. ####
#.##.# #.######....♣..§. ...#
#.##.# #...........♣.≈≈≈
##.######.##.## ########....♣....
##........#.#.##########....♣+♣♣♣
...>.......###..........)........
....#######.#.###################
###..........##


You could see a two-headed ogre.

Vanquished Creatures
  2 sky beasts
  A black bear (D:5)
  A necrophage (D:4)
  An ogre (D:4)
  A centaur (D:4)
  A wyvern zombie (D:6)
  2 scorpions (D:4)
  A water moccasin skeleton (D:5)
  A bullfrog zombie (D:5)
  A centaur zombie (D:5)
  An orc priest (D:6)
  4 hounds
  A jelly (D:5)
  A bullfrog skeleton (D:4)
  A centaur skeleton (D:6)
  An iguana (D:4)
  A scorpion zombie (D:5)
  An orc wizard (D:6)
  A hound skeleton (D:4)
  2 adders
  A gnoll (D:1)
  2 white imps (D:6)
  2 adder skeletons
  A worm (D:4)
  2 dart slugs
  7 orcs
  4 bats
  9 endoplasms
  2 giant cockroaches (D:1)
  5 goblins
  11 hobgoblins
  8 jackals
  5 quokkas
  7 ball pythons
  3 frilled lizards
  5 kobolds
  4 rats
104 creatures vanquished.

Notes
Turn   | Place    | Note
-------+----------+-------------------------------------------
     0 | D:1      | dolemite99 the Deep Dwarf Necromancer began the quest for
                  | the Orb.
     0 | D:1      | Reached XP level 1. HP: 15/15 MP: 3/3
   528 | D:1      | Reached XP level 2. HP: 7/22 MP: 0/4
   604 | D:1      | Reached skill level 5 in Necromancy
   789 | D:1      | Learned a level 1 spell: Animate Skeleton
   943 | D:1      | Found a faded altar of an unknown god.
  1074 | D:1      | HP: 1/22 [gnoll (6)]
  1128 | D:1      | Reached XP level 3. HP: 22/28 MP: 0/4
  2195 | D:2      | Found Yrghephe's Weapon Shop.
  2251 | D:2      | Reached skill level 6 in Necromancy
  2415 | D:3      | Found a burning altar of Makhleb.
  2434 | D:3      | Became a worshipper of Makhleb the Destroyer
  2476 | D:3      | Reached XP level 4. HP: 27/36 MP: 3/5
  2553 | D:3      | Found a shimmering blue altar of Sif Muna.
  2673 | D:3      | Found an ornate altar of the Wu Jian Council.
  3122 | D:3      | Learned a level 3 spell: Vampiric Draining
  3696 | D:4      | Identified the +3 scale mail "Qoopung" {rF+ SInv}
  4294 | D:4      | Noticed a necrophage
  4313 | D:4      | Killed a necrophage
  4314 | D:4      | Reached skill level 7 in Necromancy
  4314 | D:4      | Reached XP level 5. HP: 39/42 MP: 6/6
  4388 | D:4      | Reached skill level 8 in Necromancy
  4659 | D:4      | Noticed a centaur
  4669 | D:4      | Killed a centaur
  4670 | D:4      | Reached XP level 6. HP: 49/49 MP: 1/7
  5329 | D:4      | Reached XP level 7. HP: 29/55 MP: 4/10
  5742 | D:5      | Entered Level 5 of the Dungeon
  6136 | D:5      | Reached skill level 9 in Necromancy
  6603 | D:5      | Found a blossoming altar of Fedhas.
  6894 | D:5      | Reached * piety under Makhleb
  6895 | D:5      | Reached skill level 10 in Necromancy
  6988 | D:5      | Learned a level 4 spell: Animate Dead
  7108 | D:5      | Reached XP level 8. HP: 59/62 MP: 12/12
  7681 | D:6      | Found a shadowy altar of Dithmenos.
  7711 | D:6      | Reached skill level 11 in Necromancy
  8079 | D:6      | Noticed a two-headed ogre
  8081 | D:6      | Reached skill level 1 in Fighting
  8267 | D:6      | HP: 2/64 [two-headed ogre (15)]
  8267 | D:6      | Mangled by a two-headed ogre

Illustrated notes

Levels and vault maps discovered:
D:1:      mrwooster_arrival_statue_2, layout_rooms,
          shapermc_ecumenical_altar_pompeii
D:2:      layout_rooms, serial_shops, shop
D:3:      layout_loops_ring, lemuel_round_altar, lemuel_crystal_altar,
          nicolae_sif_muna_little_library, kennysheep_potato
D:4:      layout_basic, minmay_hedge_maze, minmay_ruptured
D:5:      layout_cave_pools, fedhas_altar_3
D:6:      layout_loops_ring, mainiacjoe_overflow_six_doors_small

Skill      XL: |  1  2  3  4  5  6  7  8 |
---------------+-------------------------+-----
Necromancy     | 5 6 7 8 10 11 | 11.0
Spellcasting   | 2 3 |  3.4
Fighting       | 1 |  1.0
Dodging        | |  2.1
Stealth        | |  2.4

Action                   |  1- 3 |  4- 6 |  7- 9 || total
-------------------------+-------+-------+-------++-------
Melee: Short sword       |     9 |     3 |       ||    12
       Whip              |     5 |    18 |       ||    23
       Halberd           |       |    31 |    53 ||    84
 Fire: Shortbow          |       |       |    74 ||    74
Throw: Dart              |       |     3 |       ||     3
       Stone             |       |     1 |     4 ||     5
 Cast: Pain              |    79 |    45 |    16 ||   140
       Animate Skeleton  |     7 |     2 |     1 ||    10
       Vampiric Draining |       |     8 |    16 ||    24
 Abil: Heal Wounds       |     3 |       |     2 ||     5
Evoke: Wand              |       |       |     5 ||     5
  Use: Scroll            |       |     1 |     7 ||     8
Armor: Robe              |    10 |     9 |       ||    19
       Scale mail        |       |    12 |    92 ||   104
Dodge: Dodged            |    35 |    56 |    94 ||   185
